 Dungeon Crawl Stone Soup version 0.31-a0-1540-g5a0b83f448 (webtiles) character file.

Game seed: 2429478815193537958

189 wildpjah the Ducker (level 5, -1/39 HPs)
             Began as a Merfolk Gladiator on Jan 2, 2024.
             Slain by an iguana (2 damage)
             ... on level 4 of the Dungeon.
             The game lasted 00:05:11 (1767 turns).

wildpjah the Ducker (Merfolk Gladiator)             Turns: 1767, Time: 00:05:12

Health: -1/39      AC: 10    Str: 14    XL:     5   Next: 68%
Magic:  5/5        EV:  9    Int:  8    God:
Gold:   51         SH:  0    Dex: 17    Spells: 4/4 levels left

rFire   . . .        a - +0 long sword
rCold   . . .        (no shield)
rNeg    . . .        r - +0 chain mail
rPois   .            c - +0 helmet
rElec   .            (no cloak)
rCorr   .            h - +0 pair of gloves
SInv    .            (no boots)
Will    .....        (no amulet) Stlth
                     (no ring)
HPRegen 0.26/turn    (no ring)
MPRegen 0.09/turn

%: no passive effects
@: no status effects
A: (nimble swimmer 2), mertail
a: no special abilities


You were on level 4 of the Dungeon.
You visited 1 branch of the dungeon, and saw 4 of its levels.

You collected 51 gold pieces.

Inventory:

Hand Weapons
 a - a +0 long sword (weapon)
 f - a +0 dagger of speed
Missiles
 k - 5 poisoned darts
Armour
 b - a +0 leather armour
 c - a +0 helmet (worn)
 h - a +0 pair of gloves (worn)
 q - a +0 ring mail
 r - a +0 chain mail (worn)
Wands
 p - a wand of flame (18)
Scrolls
 j - a scroll of blinking {unknown}
 l - 2 scrolls of identify {unknown}
 m - a scroll of vulnerability {unknown}
 n - 3 scrolls of noise {unknown}
 o - a scroll of amnesia {unknown}
Potions
 g - 2 potions of attraction {unknown}
 i - a potion of mutation {unknown}


   Skills:
 + Level 2.7 Fighting
 + Level 4.8 Long Blades
 + Level 2.3 Throwing
 + Level 1.5 Armour
 * Level 5.7 Dodging
 + Level 1.2 Stealth


You had 4 spell levels left.
You didn't know any spells.
Your spell library contained the following spells:

 Spells                   Type           Power      Damage    Failure   Level
 Shock                    Conj/Air       0%         1d3       100%        1
 Swiftness                Air            0%         N/A       100%        3
 Airstrike                Air            0%         2d(0-16)  100%        4


Dungeon Overview and Level Annotations

Branches:
Dungeon (4/15)
 Temple: D:4-7

Altars:
Qazlal
Wu Jian

Annotations:
D:3 Natasha


Innate Abilities, Weirdness & Mutations

((You are very nimble when in or above water. (Stealth+, EV+, Speed+++)))
Your lower body shifts to a powerful aquatic tail in water.


Message History

You hit the iguana but do no damage.
The iguana is heavily wounded.
The iguana closely misses you.
You barely miss the iguana.
The iguana is heavily wounded.
The iguana bites you but does no damage.
You hit the iguana but do no damage.
The iguana is heavily wounded.
The iguana bites you.
The iguana bites you but does no damage.
You barely miss the iguana.
The iguana is heavily wounded.
The iguana bites you but does no damage.
You barely miss the iguana.
The iguana is heavily wounded.
The iguana bites you!
* * * LOW HITPOINT WARNING * * *
Throw: javelin
Press: ? - help, Q - select action, (/) - cycle Shift-Dir - straight line, f - iguana
Aim: an iguana (heavily wounded, 63% to hit)
You throw a javelin. The javelin closely misses the iguana.
The javelin pierces through the orc!
You kill the orc!
The iguana barely misses you.
Throw: 2 throwing nets
Press: ? - help, Q - select action, (/) - cycle Shift-Dir - straight line, f/p - iguana
Aim: an iguana (heavily wounded, 63% to hit)
You throw a throwing net.
The throwing net barely misses the iguana.
The throwing net hits the orc.
The orc is caught in the net!
The orc struggles against the net.
The iguana bites you!
* * * LOW HITPOINT WARNING * * *
Throw: throwing net
Press: ? - help, Q - select action, (/) - cycle Shift-Dir - straight line, f/p - iguana
Aim: an iguana (heavily wounded, 63% to hit)
You throw a throwing net.
The throwing net barely misses the iguana.
The throwing net hits the orc.
The orc struggles against the net.
The iguana bites you.
You die...

######### #........
#####........
#............ .#
#.###.####### #..#
#####.###.#########..#
.)..........>...@lo(#
#####.###.########o##
#.....# ..# #.##..#
...# #.##..#######
o.#.# #.##.<.......
..#... #.##.########
..# #.# #....# ... .#
####.#


You could see an iguana and 2 orcs.

Vanquished Creatures
  A sky beast (D:3)
  A jelly (D:4)
  Natasha (D:3)
  An adder (D:2)
  A dart slug (D:3)
  An orc (D:4)
  4 endoplasms
  A giant cockroach (D:1)
  2 goblins
  A hobgoblin (D:1)
  4 jackals (D:3)
  3 quokkas
  4 ball pythons
  A bat (D:1)
  3 kobolds
  6 rats
35 creatures vanquished.

Notes
Turn   | Place    | Note
-------+----------+-------------------------------------------
     0 | D:1      | wildpjah the Merfolk Gladiator began the quest for the Orb.
     0 | D:1      | Reached XP level 1. HP: 16/16 MP: 1/1
   217 | D:1      | Reached XP level 2. HP: 22/22 MP: 2/2
   860 | D:2      | Reached XP level 3. HP: 27/28 MP: 3/3
  1183 | D:3      | Found a stormy altar of Qazlal.
  1183 | D:3      | Noticed a sky beast
  1202 | D:3      | Killed a sky beast
  1203 | D:3      | Reached skill level 1 in Armour
  1203 | D:3      | Reached skill level 5 in Dodging
  1203 | D:3      | Reached skill level 1 in Stealth
  1203 | D:3      | Reached XP level 4. HP: 11/34 MP: 4/4
  1203 | D:3      | Reached XP level 5. HP: 13/39 MP: 5/5
  1368 | D:3      | Noticed Natasha
  1381 | D:3      | Killed Natasha
  1480 | D:3      | Found an ornate altar of the Wu Jian Council.
  1640 | D:3      | Noticed Natasha
  1766 | D:4      | HP: 1/39 [iguana (8)]
  1767 | D:4      | Slain by an iguana

Illustrated notes

Levels and vault maps discovered:
D:1:      minmay_arrival_up_and_down, layout_basic
D:2:      layout_rooms, minmay_misc_feat_four_crosses
D:3:      layout_basic, zin_statuary, nicolae_wu_jian_immortal_techniques,
          nicolae_qazlal_beasts_of_the_sky, serial_corexii_hall,
          corexii_hall_statues_s, corexii_hall_statues_l,
          dreamdust_ecumenical_altar_grove, corner_web_ring,
          grunt_decor_fettered, uniq_natasha
D:4:      kennysheep_six_static_rooms, layout_loops_ring, vehumet_altar_wand_db,
          minmay_temple_entry_gardened_gates, uniq_duvessa, uniq_robin,
          uniq_eustachio, uniq_blork_the_orc, uniq_menkaure

Skill      XL: |  1  2  3 |
---------------+----------+-----
Long Blades    | 4 |  4.8
Armour         | 1 |  1.5
Dodging        | 5 |  5.7
Stealth        | 1 |  1.2
Fighting       | |  2.7
Throwing       | |  2.3

Action                     |  1- 3 |  4- 6 || total
---------------------------+-------+-------++-------
  Melee: Long sword        |    67 |    44 ||   111
         Dagger            |    23 |       ||    23
  Throw: Javelin           |     1 |     2 ||     3
         Throwing net      |     1 |     2 ||     3
   Stab: Held in net/web   |     1 |       ||     1
         Sleeping          |       |     1 ||     1
 Armour: Leather armour    |    42 |    19 ||    61
         Chain mail        |       |    18 ||    18
  Dodge: Dodged            |    48 |    29 ||    77

Table legend: (Time is in decaauts)
 A = Elapsed time spent in this place.
 B = Non-inter-level travel time spent in this place.
 C = Inter-level travel time spent in this place.
 D = Time resting spent in this place.
 E = Time spent auto-exploring this place.
 F = Levels seen in this place.
 G = Mean time per level.
                   A        B        C        D        E       F      G
               +--------+--------+--------+--------+--------+-----+--------+
         Total |   1777 |   1639 |    138 |      0 |   1272 |   4 |  444.2 |
       Dungeon |   1777 |   1639 |    138 |      0 |   1272 |   4 |  444.2 |
               +--------+--------+--------+--------+--------+-----+--------+

Top non-repeatable levels by time:
     D:1: 681 daAuts
     D:3: 570 daAuts
     D:2: 444 daAuts
     D:4: 81 daAuts
